 Dungeon Crawl Stone Soup version 0.28.0-55-gcd9437bce4 (webtiles) character file.

Game seed: 16754058575142983877

1225 AarnesTheHuman the Gusty (level 8, 0/48 HPs)
             Began as a Tengu Air Elementalist on Dec 22, 2022.
             Was a Follower of Ru.
             Succumbed to a water moccasin's poison
             ... on level 6 of the Dungeon.
             The game lasted 00:13:59 (7485 turns).

AarnesTheHuman the Gusty (Tengu Air Elementalist)   Turns: 7485, Time: 00:14:00

Health: 0/48       AC:  4    Str:  9    XL:     8   Next: 47%
Magic:  6/25       EV: 15    Int: 17    God:    Ru [*.....]
Gold:   243        SH:  6    Dex: 15    Spells: 10/17 levels left

rFire   . . .      SeeInvis .   a - +3 dagger (venom)
rCold   . . .      Faith    .   h - +1 buckler
rNeg    . . .      Spirit   .   o - +2 animal skin
rPois   +          Reflect  .   (helmet restricted)
rElec   .          Harm     .   (no cloak)
rCorr   .          Rampage  .   (no gloves)
Will    .....                   (boots unavailable)
Stlth   ++........              (no amulet)
HPRegen 0.16/turn               c - ring of magical power
MPRegen 0.19/turn               d - ring of poison resistance

@: lethally poisoned (0 -> -2), flying quickly and evasively, quick
A: beak, talons 3, inability to drink while threatened, nimble flight
a: Renounce Religion


You were on level 6 of the Dungeon.
You worshipped Ru.
Ru was aware of your devotion.
You visited 2 branches of the dungeon, and saw 7 of its levels.
You also visited: Sewer.

You collected 243 gold pieces.

Inventory:

Hand Weapons
 a - a +3 dagger of venom (weapon)
 j - a +0 dagger
 p - a +1 vampiric short sword
Missiles
 k - 130 stones
 n - 20 poisoned darts
Armour
 b - a +0 robe
 h - a +1 buckler (worn)
 o - a +2 animal skin (worn)
Jewellery
 c - a ring of magical power (left hand)
 d - a ring of poison resistance (right hand)
 y - a ring of fire
Scrolls
 g - a scroll of amnesia {unknown}
 l - a scroll of silence {unknown}
 r - a scroll of brand weapon {unknown}
 t - a scroll of vulnerability
 u - a scroll of enchant armour
 w - a scroll of torment {unknown}
 x - a scroll of teleportation {unknown}
Potions
 e - a potion of berserk rage
 f - a potion of ambrosia
 i - a potion of resistance
 m - a potion of cancellation
 q - 2 potions of mutation
 v - 2 potions of curing
 z - a potion of experience {unknown}
 A - a potion of might {unknown}
 B - a potion of invisibility {unknown}
 C - a potion of lignification {unknown}


   Skills:
 + Level 4.5 Fighting
 - Level 3.0 Dodging
 - Level 2.0 Stealth
 + Level 4.5 Shields
 - Level 5.0 Spellcasting
 - Level 1.3 Conjurations
 + Level 7.5 Air Magic


You had 10 spell levels left.
You knew the following spells:

 Your Spells              Type           Power      Damage    Failure   Level
a - Shock                 Conj/Air       76%        1d7       3%          1
b - Static Discharge      Conj/Air       19%        N/A       4%          2
c - Airstrike             Air            14%        N/A       9%          4

Your spell library contained the following spells:

 Spells                   Type           Power      Damage    Failure   Level
 Swiftness                Air            29%        N/A       2%          3
 Sandblast                Erth           8%         2d5       19%         1
 Blink                    Tloc           8%         N/A       26%         2
 Passwall                 Tmut/Erth      3%         N/A       26%         2
 Conjure Flame            Conj/Fire      6%         6-21      38%         3
 Stone Arrow              Conj/Erth      12%        3d7       38%         3
 Ignite Poison            Fire/Tmut/Pois 4%         N/A       47%         3
 Lesser Beckoning         Tloc           4%         N/A       47%         3
 Sticky Flame             Conj/Fire      6%         2d3       80%         4
 Manifold Assault         Tloc           4%         N/A       99%         5


Dungeon Overview and Level Annotations

Branches:
Dungeon (6/15)             Temple (1/1) D:4           Sewer (visited)

Altars:
Elyvilon
Ru
Zin
The Shining One

Shops:
D:3 *[

Annotations:
D:3 1 runed translucent door, Crazy Yiuf


Innate Abilities, Weirdness & Mutations

You have a beak for a mouth.
You have claws for feet.
You sometimes lose the ability to drink potions when taking damage.
Your magical nature lets you fly swiftly and evasively.


Message History

The lightning grounds out.
* * * LOW HITPOINT WARNING * * *
You feel sick.
* * * LOW HITPOINT WARNING * * *
You feel sick. The adder completely misses you.
Casting: Static Discharge (safe; 4% risk of failure)
Confirm with . or Enter, or press ? or * to list all spells.
The adder is struck by an arc of lightning.
The adder is heavily wounded.
The lightning grounds out.
You feel sick. The adder barely misses you.
Your magical contamination has completely faded away.
Casting: Static Discharge (safe; 4% risk of failure)
Confirm with . or Enter, or press ? or * to list all spells.
The adder is struck by an arc of lightning!
You kill the adder!
The lightning grounds out.
You feel sick.
Casting: Static Discharge (safe; 4% risk of failure)
Confirm with . or Enter, or press ? or * to list all spells.
The adder is struck by an arc of lightning!
The adder is severely wounded.
The lightning grounds out.
You feel sick. The adder misses you.
Casting: Static Discharge (safe; 4% risk of failure)
Confirm with . or Enter, or press ? or * to list all spells.
The adder is struck by an arc of lightning!
You kill the adder!
You are struck by an arc of lightning.
* * * LOW HITPOINT WARNING * * *
The lightning grounds out.
* * * LOW HITPOINT WARNING * * *
You feel sick.
Okay, then.
Unknown command.
Okay, then.
You cannot drink potions in your current state!
Unknown command.
As you read the scroll labelled BOFUYGODOX, it crumbles to dust.
It is a scroll of enchant weapon.
Your +2 dagger of venom glows red for a moment.
You can drink potions again.
You die...

#...##.# #........
#####.####.# #........
#>......##.### #........
#.......##...# #........
#.......####.####.........
#:......# #...#..........
#.......# ###...#########
#...?..^######..#<........
#......††@........######.#
####...######......####..#
#....#.# #...............
.....##..
#..[........#.#.# ......
.......##....##.#.#.#
#...## .......
............. #... #..##..
##............ ..$ ....
... #............ .... ..#
......#.#


There were no monsters in sight!

Vanquished Creatures
  A water moccasin (D:6)
  An orc warrior (D:4)
  2 sky beasts (D:5)
  2 ogres (D:5)
  A kobold brigand (Sewer)
  2 scorpions
  A hound (D:5)
  2 orc priests (D:4)
  2 centaur skeletons
  A scorpion zombie (D:5)
  3 hound skeletons
  Robin (D:2)
  4 gnolls (D:5)
  8 adders
  6 river rats (Sewer)
  A shadow imp (D:5)
  A worm (D:2)
  2 dart slugs
  13 orcs
  8 ball pythons
  A bat (D:3)
  3 endoplasms (D:2)
  2 giant cockroaches
  10 hobgoblins
  5 jackals
  3 quokkas
  11 frilled lizards
  12 goblins
  6 kobolds
  9 rats
124 creatures vanquished.

Vanquished Creatures (others)
  14 plants (Sewer)
14 creatures vanquished.

Grand Total: 138 creatures vanquished

Notes
Turn   | Place    | Note
-------+----------+-------------------------------------------
     0 | D:1      | AarnesTheHuman the Tengu Air Elementalist began the quest
                  | for the Orb.
     0 | D:1      | Reached XP level 1. HP: 10/10 MP: 4/4
   287 | D:1      | Reached XP level 2. HP: 15/15 MP: 6/6
   308 | D:1      | Found a faded altar of an unknown god.
   748 | D:1      | Reached skill level 5 in Air Magic
   904 | D:2      | Learned a level 2 spell: Static Discharge
  1578 | D:2      | Reached XP level 3. HP: 19/19 MP: 7/7
  1695 | D:2      | Reached skill level 1 in Shields
  1996 | D:3      | Noticed Robin
  2229 | D:2      | Killed Robin
  2230 | D:2      | Reached XP level 4. HP: 11/24 MP: 8/8
  2751 | D:3      | Found Vudy's General Store.
  2880 | D:3      | Found Muihoh's Antique Armour Emporium.
  2906 | D:3      | Reached skill level 6 in Air Magic
  3142 | D:3      | Found a glowing silver altar of Zin.
  3143 | D:3      | Found a glowing golden altar of the Shining One.
  3144 | D:3      | Found a white marble altar of Elyvilon.
  3185 | D:3      | Found a sacrificial altar of Ru.
  3286 | D:3      | Found a runed translucent door.
  3340 | D:3      | Became a worshipper of Ru the Awakened
  3519 | D:3      | Noticed Crazy Yiuf
  3579 | D:4      | Noticed a scorpion
  3589 | D:4      | Killed a scorpion
  3590 | D:4      | Gained mutation: Your magical nature lets you fly swiftly
                  | and evasively. [Tengu growth]
  3590 | D:4      | Reached XP level 5. HP: 14/28 MP: 9/9
  3887 | D:4      | Noticed an orc warrior
  3923 | D:4      | Killed an orc warrior
  3924 | D:4      | Reached skill level 7 in Air Magic
  3924 | D:4      | Reached skill level 1 in Fighting
  3924 | D:4      | Reached XP level 6. HP: 8/34 MP: 6/10
  5266 | D:4      | Found a staircase to the Ecumenical Temple.
  5276 | Temple   | Entered the Ecumenical Temple
  5308 | D:5      | Entered Level 5 of the Dungeon
  5374 | D:5      | Reached XP level 7. HP: 41/41 MP: 11/11
  5379 | D:5      | Learned a level 4 spell: Airstrike
  5450 | D:5      | Identified the +6 scale mail "Zimu" {rCorr}
  6046 | D:5      | Gained mutation: You sometimes lose the ability to drink
                  | potions when taking damage. [Ru sacrifice]
  6046 | D:5      | Reached * piety under Ru
  6076 | D:5      | Reached XP level 8. HP: 42/48 MP: 15/15
  6262 | D:5      | HP: 1/48 [ogre/+0 giant club (25)]
  6648 | D:6      | Found a glowing drain.
  6666 | Sewer    | Entered a sewer
  6900 | Sewer    | Reached skill level 5 in Spellcasting
  7484 | D:6      | HP: 1/48 [/static electricity (3)]
  7485 | D:6      | Succumbed to a water moccasin's poison

Illustrated notes

Levels and vault maps discovered:
D:1:      dpeg_arrival_rooms_with_view, layout_basic,
          hellmonk_ecumenical_altar_arch_garden
D:2:      layout_basic, roderic_roman_lattice
D:3:      layout_basic, good_gods_temple_1, mainiacjoe_overflow_alcove_4,
          serial_shops, shop, nicolae_shop_behind_doors,
          minmay_misc_feat_more_columns, uniq_robin, uniq_crazy_yiuf_cottage
D:4:      layout_loops_ring, minmay_temple_entry_poolview, minmay_door_square,
          eino_small_chamber_without_monster, minmay_cupped
D:5:      layout_basic
D:6:      layout_rooms, palyth_temple_overflow_mages,
          chequers_temple_overflow_minitemple, portal_sewer_entry_a
Temple:   nicolae_temple_figure_zero

Skill      XL: |  1  2  3  4  5  6  7  8 |
---------------+-------------------------+-----
Air Magic      | 5 6 7 |  7.5
Shields        | 1 2 4 |  4.5
Fighting       | 1 3 4 |  4.5
Dodging        | 3 |  3.0
Spellcasting   | 4 5 |  5.0
Stealth        | |  2.0
Conjurations   | |  1.3

Action                   |  1- 3 |  4- 6 |  7- 9 || total
-------------------------+-------+-------+-------++-------
Melee: Dagger            |     8 |    15 |    37 ||    60
       Kick              |     2 |     2 |     4 ||     8
       Peck              |     1 |       |     5 ||     6
 Cast: Shock             |    73 |    62 |    66 ||   201
       Static Discharge  |       |    26 |    43 ||    69
       Airstrike         |       |       |     1 ||     1
Invok: Sacrifice Drink   |       |       |     1 ||     1
  Use: Scroll            |       |     1 |     6 ||     7
 Stab: Sleeping          |       |     2 |       ||     2
Armor: Robe              |     4 |       |       ||     4
       Animal skin       |       |     8 |     6 ||    14
Dodge: Dodged            |    22 |    34 |    53 ||   109
Block: Buckler           |     4 |    13 |    21 ||    38
